 Dungeon Crawl Stone Soup version 0.19.1-1-g22dce08 (webtiles) character file.

3130 Gorglomux the Destroyer (level 9, -4/67 HPs)
             Began as a Deep Elf Conjurer on Jan 2, 2017.
             Was an Initiate of Vehumet.
             Slain by a wolf (8 damage)
             ... led by Grum
             ... on level 8 of the Dungeon.
             The game lasted 00:20:14 (6835 turns).

Gorglomux the Destroyer (Deep Elf Conjurer)         Turns: 6835, Time: 00:20:14

Health: -4/67      AC:  5    Str: 10    XL:     9   Next: 61%
Magic:  2/24       EV: 12    Int: 29    God:    Vehumet [......]
Gold:   337        SH:  0    Dex: 11    Spells: 5 memorised, 11 levels left

rFire  . . .     SeeInvis .     o - +0 whip
rCold  . . .     Gourm    .     M - +1 leather armour "Jadistric" {MR++ Int+5 Dex-4}
rNeg   . . .     Faith    .     (no shield)
rPois  .         Spirit   .     w - +0 helmet
rElec  .         Reflect  .     (no cloak)
rCorr  .         Harm     .     (no gloves)
MR     ++...                    (no boots)
Stlth  ..........               (no amulet)
                                D - ring of loudness
                                s - ring of flight

@: berserking (expiring), very quick
A: no striking features
a: Renounce Religion, Evoke Flight


You were on level 8 of the Dungeon.
You worshipped Vehumet.
Vehumet was noncommittal.
You were near starving.

You visited 2 branches of the dungeon, and saw 9 of its levels.

You collected 337 gold pieces.

Inventory:

Hand Weapons
 o - a +0 whip (weapon)
Armour
 a - a +0 robe
 w - a +0 helmet (worn)
 M - the +1 leather armour "Jadistric" (worn) {MR++ Int+5 Dex-4}
   (You found it on level 6 of the Dungeon)

   It affects your intelligence (+5).
   It affects your dexterity (-4).
   It affects your resistance to hostile enchantments.
Jewellery
 s - a ring of flight (left hand)
 D - a ring of loudness (right hand)
 J - an uncursed ring of fire
Wands
 A - a wand of disintegration (13/24)
 F - a wand of flame (20/48)
 K - a wand of iceblast (10/15)
Scrolls
 g - a scroll of enchant armour {unknown}
 j - 2 scrolls of teleportation
 q - a scroll of enchant weapon {unknown}
 u - a scroll of immolation {unknown}
 v - 3 scrolls of random uselessness
 x - a scroll of recharging {unknown}
 y - 4 scrolls of remove curse
 C - a scroll of fog
 H - 2 scrolls of magic mapping
 L - a scroll of blinking {unknown}
 O - a scroll of torment {unknown}
Potions
 d - a potion of cure mutation {unknown}
 e - a potion of lignification
 f - a potion of heal wounds
 h - 2 potions of berserk rage
 i - 2 potions of invisibility
 l - 6 potions of flight
 m - a potion of brilliance
 p - 6 potions of curing
 t - a potion of ambrosia {unknown}
 B - 2 potions of agility
 G - a potion of haste {unknown}
 I - a potion of degeneration {unknown}
 N - a potion of cancellation {unknown}
Books
 b - a book of Conjurations

   Spells                             Type                      Level
   a - Magic Dart                     Conjuration                  1
   b - Searing Ray                    Conjuration                  2
   c - Dazzling Spray                 Conjuration/Hexes            3
   d - Fulminant Prism                Conjuration/Hexes            4
   e - Iskenderun's Mystic Blast      Conjuration                  4
   f - Iskenderun's Battlesphere      Conjuration/Charms           5
Comestibles
 c - 5 bread rations
 n - 5 meat rations
 r - 2 beef jerkies
 z - 11 fruits
 E - a slice of pizza


   Skills:
 + Level 3.1 Armour
 - Level 2.4 Dodging
 - Level 2.4 Stealth
 + Level 9.1 Spellcasting
 * Level 11.2 Conjurations
 + Level 7.6 Charms


You had 11 spell levels left.
You knew the following spells:

 Your Spells              Type           Power        Failure   Level  Hunger
a - Magic Dart            Conj           ####         1%          1    None
b - Searing Ray           Conj           ######       1%          2    None
c - Iskenderun's Battles  Conj/Chrm      ######..     3%          5    ####...
d - Iskenderun's Mystic   Conj           ######..     1%          4    None
e - Dazzling Spray        Conj/Hex       #####.       1%          3    None


Dungeon Overview and Level Annotations

Branches:
Dungeon (8/15)             Temple (1/1) D:7
   Lair: D:8-11

Altars:
Ashenzari
Cheibriados
Dithmenos
Elyvilon
Fedhas
Gozag
Hepliaklqana
Kikubaaqudgha
Makhleb
Nemelex Xobeh
Okawaru
Qazlal
Ru
Sif Muna
Trog
Uskayaw
Vehumet
Xom
Yredelemnul
Zin
The Shining One


Message History

The wolf bites you but does no damage.
You closely miss the wolf.
The wolf is almost dead.
The wolf bites you but does no damage. x2
You hit the wolf.
The wolf is almost dead.
You feel less woody.
Your +0 helmet unmelds from your body.
The +1 leather armour "Jadistric" {MR++ Int+5 Dex-4} unmelds from your body.
The wolf closely misses you.
You barely miss the wolf.
The wolf is almost dead.
The wolf closely misses you.
You barely miss the wolf.
The wolf is almost dead.
The wolf barely misses you.
You closely miss the wolf.
The wolf is almost dead.
The wolf bites you!
You die...

...........###
..........$.[.#
.....(..(#
.........#
.........# ###
.........# ###.###
.........# ###.....#
.........###...h#.##
............[.##@.#
.............##..##
........#######..#
........# ##.##
........# ##.##
........# ##.##
........## ##.#
.......#.## ###
.......##.###


You could see a wolf.

Vanquished Creatures
  A cyclops (D:8)
  A hornet (D:6)
  A hippogriff (D:7)
  Sigmund (D:6)
  Edmund (D:6)
  Duvessa (D:7)
  2 ice beasts
  A necrophage (D:6)
  A sky beast (D:6)
  2 centaurs
  2 wolves (D:8)
  3 phantoms
  The ghost of Gorglomux the Cudgeler, an amateur GrGl (D:3)
  A bullfrog (D:6)
  Dowan (D:7)
  2 scorpions
  4 wights (D:7)
  A howler monkey (D:4)
  4 hounds
  A bullfrog skeleton (D:5)
  2 orc priests
  An iguana (D:6)
  An orc wizard (D:7)
  4 worker ants
  A hound skeleton (D:4)
  9 adders
  A gnoll (D:2)
  A shadow imp (D:5)
  An adder skeleton (D:4)
  2 worms
  9 dart slugs
  2 leopard geckos
  10 orcs
  2 ball pythons (D:3)
  13 bats
  8 giant cockroaches
  5 goblins
  5 hobgoblins
  9 jackals
  5 quokkas
  5 frilled lizards
  6 kobolds
  A leopard gecko skeleton (D:7)
  5 rats
140 creatures vanquished.

Notes
Turn   | Place    | Note
-------+----------+-------------------------------------------
     0 | D:1      | Gorglomux the Deep Elf Conjurer began the quest for the Orb.
     0 | D:1      | Reached XP level 1. HP: 10/10 MP: 6/6
   380 | D:1      | Reached XP level 2. HP: 12/15 MP: 4/8
   500 | D:1      | Learned a level 2 spell: Searing Ray
   866 | D:2      | Reached skill level 5 in Conjurations
  1041 | D:2      | Reached XP level 3. HP: 19/19 MP: 1/10
  1596 | D:2      | Reached XP level 4. HP: 17/24 MP: 7/12
  1999 | D:3      | Reached skill level 6 in Conjurations
  2120 | D:3      | Noticed Gorglomux's ghost (amateur GrGl)
  2141 | D:3      | Killed Gorglomux's ghost
  2141 | D:3      | Reached XP level 5. HP: 10/28 MP: 5/14
  2692 | D:4      | Found a hazy altar of Hepliaklqana.
  2720 | D:4      | Reached skill level 5 in Spellcasting
  3012 | D:4      | Noticed a phantom
  3013 | D:4      | Reached skill level 7 in Conjurations
  3054 | D:4      | Killed a phantom
  3054 | D:4      | Reached XP level 6. HP: 32/32 MP: 0/16
  3206 | D:4      | Learned a level 5 spell: Iskenderun's Battlesphere
  3432 | D:5      | Entered Level 5 of the Dungeon
  3432 | D:5      | Noticed an ice beast
  3440 | D:4      | Learned a level 4 spell: Iskenderun's Mystic Blast
  3517 | D:4      | Killed an ice beast
  3517 | D:4      | Reached skill level 1 in Charms
  3819 | D:4      | Reached skill level 8 in Conjurations
  3819 | D:4      | Reached XP level 7. HP: 22/36 MP: 6/18
  4764 | D:6      | Learned a level 3 spell: Dazzling Spray
  4909 | D:6      | Reached skill level 9 in Conjurations
  4909 | D:6      | Reached XP level 8. HP: 41/41 MP: 12/20
  5038 | D:6      | Got an emerald-studded leather armour
  5049 | D:6      | Identified the +1 leather armour "Jadistric" {MR++ Int+5 Dex-4} (You found it on level 6 of the Dungeon)
  5072 | D:6      | Reached skill level 5 in Charms
  5076 | D:6      | Noticed a hornet
  5086 | D:6      | Killed a hornet
  5086 | D:6      | Reached skill level 1 in Armour
  5504 | D:6      | Reached skill level 10 in Conjurations
  5533 | D:6      | You fall through a shaft!
  5736 | D:6      | Noticed Sigmund
  5738 | D:6      | Killed Sigmund
  5761 | D:6      | Noticed Edmund
  5768 | D:6      | Killed Edmund
  5768 | D:6      | Reached XP level 9. HP: 40/45 MP: 9/23
  6044 | D:7      | Noticed Duvessa
  6044 | D:7      | Noticed Dowan
  6049 | D:7      | Killed Duvessa
  6050 | D:7      | Killed Dowan
  6095 | D:7      | Found a shimmering altar of Xom.
  6096 | D:7      | Found a shimmering altar of Xom.
  6097 | D:7      | Found a shimmering altar of Xom.
  6098 | D:7      | Found a shimmering altar of Xom.
  6305 | D:7      | Found a staircase to the Ecumenical Temple.
  6326 | Temple   | Entered the Ecumenical Temple
  6431 | Temple   | Became a worshipper of Vehumet
  6770 | D:8      | Noticed a cyclops
  6773 | D:8      | Killed a cyclops
  6773 | D:8      | Reached skill level 11 in Conjurations
  6829 | D:8      | HP: 5/100 [wolf[Grum] (7)]
  6835 | D:8      | Slain by a wolf

Skill      XL: |  1  2  3  4  5  6  7  8  9 |
---------------+----------------------------+-----
Conjurations   | 5 6 7 8 9 10 11 | 11.2
Spellcasting   | 4 5 6 7 8 9 |  9.1
Charms         | 2 4 6 7 |  7.6
Armour         | 2 3 |  3.1
Dodging        | |  2.4
Stealth        | |  2.4

Action                   |  1- 3 |  4- 6 |  7- 9 || total
-------------------------+-------+-------+-------++-------
Melee: Unarmed           |     3 |       |       ||     3
       Whip              |       |       |    51 ||    51
 Cast: Magic Dart        |    84 |    90 |    57 ||   231
       Searing Ray       |     4 |     9 |    22 ||    35
       Iskenderun's Myst |       |     5 |    37 ||    42
       Iskenderun's Batt |       |       |     4 ||     4
       Dazzling Spray    |       |       |     4 ||     4
Evoke: Wand              |       |       |     3 ||     3
  Use: Scroll            |       |     2 |    11 ||    13
       Potion            |       |       |     3 ||     3
  Eat: Chunk             |     2 |     6 |    11 ||    19
Armor: Robe              |    10 |     2 |     2 ||    14
       Leather armour    |       |       |     5 ||     5
       Skin              |       |       |    49 ||    49
Dodge: Dodged            |    18 |    26 |    60 ||   104
